 Dungeon Crawl Stone Soup version 0.29.0-15-g675c0067aa (webtiles) character file.

Game seed: 13549335621485881526

5 qw the Sneak (level 1, -3/14 HPs)
             Began as a Gargoyle Delver on Sept 11, 2022.
             Slain by an orc warrior
             ... wielding a +0 scimitar
              (10 damage)
             ... on level 5 of the Dungeon.
             The game lasted 00:00:03 (212 turns).

qw the Sneak (Gargoyle Delver)                       Turns: 212, Time: 00:00:04

Health: -3/14      AC:  5    Str: 15    XL:     1   Next: 80%
Magic:  1/1        EV: 11    Int: 10    God:
Gold:   0          SH:  0    Dex: 11    Spells: 0/0 levels left

rFire   . . .      SeeInvis .   a - +0 hand axe
rCold   . . .      Faith    .   (no shield)
rNeg    + . .      Spirit   .   b - +0 leather armour
rPois   inf        Reflect  .   (no helmet)
rElec   +          Harm     .   (no cloak)
rCorr   .          Rampage  .   (no gloves)
Will    .....                   (no boots)
Stlth   +++.......              (no amulet)
HPRegen 0.04/turn               (no ring)
MPRegen 0.07/turn               (no ring)

@: no status effects
A: sickness immunity, AC +2, negative energy resistance 1, electricity
resistance, torment resistance 1, petrification resistance
a: no special abilities


You were on level 5 of the Dungeon.
You visited 1 branch of the dungeon, and saw 1 of its levels.


Innate Abilities, Weirdness & Mutations

You are immune to sickness and miasma.
Your stone body is resilient. (AC +2)
You are immune to poison.
You resist negative energy. (rN+)
You are resistant to electric shocks. (rElec)
You are resistant to unholy torment.
You are immune to petrification.


   Skills:
 - Level 3.2 Fighting
 + Level 2.2 Axes
 - Level 1.5 Dodging
 - Level 5.4 Stealth


You couldn't memorise any spells.
You didn't know any spells.
Your spell library was empty.

Inventory:

Hand Weapons
 a - a +0 hand axe (weapon)
Armour
 b - a +0 leather armour (worn)
Wands
 g - a wand of digging (3)
Scrolls
 c - a scroll of fog
 d - a scroll of magic mapping
 e - a scroll of fear
Potions
 f - a potion of haste

Dungeon Overview and Level Annotations

Branches:
Dungeon (5/15)
 Temple: D:4-7

Altars:


Message History

An orc warrior comes into view. It is wielding a +0 scimitar.
You start resting.
An orc comes into view.
It is wielding a +0 club and carrying a wand of polymorph (8).
An orc wizard comes into view. It is wielding a +0 dagger.
187 ||| Stepping ~*~*~tactically~*~*~ (stealth).
You start resting.
An orc is nearby!
189 ||| Stepping ~*~*~tactically~*~*~ (stealth).
There is a stone staircase leading down here.
190 ||| Stepping ~*~*~tactically~*~*~ (stealth).
You start resting.
An orc warrior is nearby!
199 ||| Stepping ~*~*~tactically~*~*~ (stealth).
200 ||| Stepping ~*~*~tactically~*~*~ (stealth).
201 ||| Stepping ~*~*~tactically~*~*~ (stealth).
202 ||| Stepping ~*~*~tactically~*~*~ (stealth).
203 ||| Stepping ~*~*~tactically~*~*~ (stealth).
206 ||| Stepping ~*~*~tactically~*~*~ (stealth).
The orc warrior shouts!
You hear a shout! x6
An orc comes into view. It is wielding a +0 club.
You hit the orc wizard.
The orc wizard is moderately wounded.
The orc wizard hits you but does no damage.
You closely miss the orc wizard.
The orc wizard is moderately wounded.
The orc wizard casts a spell.
The orc wizard flickers and vanishes!
Deactivating autopickup; reactivate with Ctrl-A.
You hit the orc warrior but do no damage.
You hit something but do no damage. Something hits you.
The orc warrior misses you.
You hit the orc warrior but do no damage.
You hit something but do no damage. Something hits you but does no damage.
The orc warrior barely misses you. Something hits you but does no damage.
The orc warrior misses you.
You barely miss the orc warrior. You closely miss something.
Something hits you.
The orc warrior hits you with a +0 scimitar!
Ouch! That really hurt!
You die...

.... ... ...#
..# ... .. .o#
.. ## #.. .##..
# #.. ... ###.
#..###o#
#...###.#{@..#
.......?o####
.........#
.###...>#####
#........#
#....###..#
#....# ..
#######....#
..........#####


You could see an orc warrior and an orc.

Vanquished Creatures
  An ufetubus (D:5)
1 creature vanquished.

Notes
Turn   | Place    | Note
-------+----------+-------------------------------------------
     0 | D:5      | qw the Gargoyle Delver began the quest for the Orb.
     0 | D:5      | Reached XP level 1. HP: 14/14 MP: 1/1
     0 | D:5      | 0 ||| qw: Version: 0.1-a-117-gfe26ee0
     0 | D:5      | 0 ||| qw: Game counter: 9932
     0 | D:5      | 0 ||| qw: Always use a shield: true
     0 | D:5      | 0 ||| qw: God list: Okawaru
     0 | D:5      | 0 ||| qw: Allow faded altars: false
     0 | D:5      | 0 ||| qw: Do Orc after D:15 true
     0 | D:5      | 0 ||| qw: Do second Lair branch before Depths: true
     0 | D:5      | 0 ||| qw: Lair rune preference: random
     0 | D:5      | 0 ||| qw: Plans: Normal
     0 | D:5      | 0 ||| PLANNING D:1-11
    12 | D:5      | HP: 1/14 [ufetubus (3)]
   177 | D:5      | Noticed an orc warrior
   183 | D:5      | Noticed an orc wizard
   187 | D:5      | 187 ||| Stepping ~*~*~tactically~*~*~ (stealth).
   189 | D:5      | 189 ||| Stepping ~*~*~tactically~*~*~ (stealth).
   190 | D:5      | 190 ||| Stepping ~*~*~tactically~*~*~ (stealth).
   199 | D:5      | 199 ||| Stepping ~*~*~tactically~*~*~ (stealth).
   200 | D:5      | 200 ||| Stepping ~*~*~tactically~*~*~ (stealth).
   201 | D:5      | 201 ||| Stepping ~*~*~tactically~*~*~ (stealth).
   202 | D:5      | 202 ||| Stepping ~*~*~tactically~*~*~ (stealth).
   203 | D:5      | 203 ||| Stepping ~*~*~tactically~*~*~ (stealth).
   206 | D:5      | 206 ||| Stepping ~*~*~tactically~*~*~ (stealth).
   212 | D:5      | Slain by an orc warrior

Levels and vault maps discovered:
D:5:      kennysheep_slugbush, layout_rooms, mainiacjoe_overflow_24_doors,
          minmay_temple_entry_tees, gammafunk_ghost_arena

Skill      XL: |  1 |
---------------+----+-----
Axes           | 2 |  2.2
Fighting       | |  3.2
Dodging        | |  1.5
Stealth        | |  5.4

Action                   || total
-------------------------++-------
Melee: Hand axe          ||    11
       Punch             ||     1
Armor: Leather armour    ||     9
Dodge: Dodged            ||    10

Table legend:
 A = Non-vault XP
 B = Vault XP
 C = Vault XP percentage of total XP
 D = Non-vault monster count
 E = Vault monster count
 F = Vault count percentage of total count
                 A         B        C        D         E       F
            +---------+---------+-------+---------+---------+-------
      Total |       8 |       0 |   0.0 |       1 |       0 |   0.0
            +---------+---------+-------+---------+---------+-------
        D:5 |       8 |       0 |   0.0 |       1 |       0 |   0.0
            +---------+---------+-------+---------+---------+-------
